 Dungeon Crawl Stone Soup version 0.17.1-3-g152610e (webtiles) character file.

720681 seren the Metallomancer (level 27, -14/172 HPs)
             Began as a Gargoyle Earth Elementalist on Feb 14, 2016.
             Was the Champion of Vehumet.
             Killed from afar by an ancient lich (15 damage)
             ... with a fireball
             ... on level 5 of the Realm of Zot on Feb 25, 2016.
             The game lasted 22:22:54 (156702 turns).

seren the Metallomancer (GrEE)                    Turns: 156702, Time: 22:22:55

Health: -14/172    AC: 34    Str: 14    XL:     27
Magic:  14/48      EV: 33    Int: 43    God:    Vehumet [******]
Gold:   5840       SH:  9    Dex: 24    Spells: 15 memorised, 4 levels left

rFire  + + .     SeeInvis .     f - +5 falchion of the Establishment {speed, Int+6 Dex+7}
rCold  . . .     Clarity  .     I - +0 robe of Jiebus {+Fly rF++ Regen+ Stlth-}
rNeg   + + .     SustAt   .     Y - +3 buckler
rPois  ∞         Gourm    +     (helmet unavailable)
rElec  +         Spirit   .     x - +2 cloak {MR+}
rCorr  .         Warding  .     Z - +2 pair of fencer's gloves {LBl+4 SBl+4 EV+3 Dex+6}
rMut   .         Stasis   .     t - +2 pair of boots
MR     +++..                    R - amulet of the gourmand
Stlth  ++........               L - +6 ring of intelligence
                                o - ring of the Octopus King {rN+ AC+1 EV+1 Str+1 Int+1 Dex+1}

@: extremely resistant to hostile enchantments, unstealthy
A: big wings, hooves 1, horns 3, molten scales 1, clever 1, deformed body,
negative energy resistance 1, electricity resistance, unbreathing, evolution 1,
petrification resistance, rot immunity, AC +20
a: Fly, Renounce Religion, Evoke Flight
}: 3/15 runes: decaying, serpentine, silver


You were on level 5 of the Realm of Zot.
You worshipped Vehumet.
Vehumet was exalted by your worship.
You were completely stuffed.

You visited 12 branches of the dungeon, and saw 63 of its levels.
You visited 1 bazaar.
You also visited: Wizlab.

You collected 11077 gold pieces.
You spent 5237 gold pieces at shops.

Inventory:

Hand Weapons
 f - the +5 falchion of the Establishment (weapon) {speed, Int+6 Dex+7}
   (You bought it in a shop in a bazaar)

   Attacks with this weapon are significantly faster.
   It affects your intelligence (+6).
   It affects your dexterity (+7).
 l - the +7 lajatang of Order {silver, rMut}
   (You bought it in a shop on level 1 of the Orcish Mines)

   It protects you from mutation.
 u - the +6 hand axe of Righteous Anger {freeze, rPois SInv}
   (You found it on level 1 of the Swamp)

   It has been specially enchanted to freeze those struck by it, causing extra
   injury to most foes and up to half again as much damage against particularly
   susceptible opponents.
   It can also slow down cold-blooded creatures.
   It protects you from poison.
   It lets you see invisible.
Missiles
 j - 2 throwing nets (quivered)
Armour
 p - a +3 leather armour of magic resistance
 t - a +2 pair of boots (worn)
 x - a +2 cloak of magic resistance (worn)
 I - the +0 robe of Jiebus (worn) {+Fly rF++ Regen+ Stlth-}
   (You bought it in a shop on level 1 of the Orcish Mines)

   It greatly protects you from fire.
   It lets you fly.
   It increases your rate of regeneration.
   It makes you less stealthy.
 Y - a +3 buckler (worn)
 Z - the +2 pair of fencer's gloves (worn) {LBl+4 SBl+4 EV+3 Dex+6}
   (You found it on level 5 of the Vaults)

   It affects your evasion (+3).
   It affects your dexterity (+6).
Magical Staves
 b - an uncursed staff of fire
Jewellery
 a - an uncursed amulet of resist corrosion
 h - an uncursed ring of protection from fire
 k - an uncursed ring of wizardry
 o - a ring of the Octopus King (left hand) {rN+ AC+1 EV+1 Str+1 Int+1 Dex+1}
   (You bought it in a shop on level 1 of the Orcish Mines)

   [ring of positive energy]

   It affects your AC (+1).
   It affects your evasion (+1).
   It affects your strength (+1).
   It affects your intelligence (+1).
   It affects your dexterity (+1).
   It protects you from negative energy.
 q - an uncursed amulet of clarity
 s - an uncursed ring of sustain attributes
 G - an uncursed ring of protection from cold
 L - a +6 ring of intelligence (right hand)
 P - an uncursed amulet of warding
 R - an amulet of the gourmand (around neck)
 S - an uncursed ring of positive energy
Wands
 d - a wand of digging (7)
 e - a wand of teleportation (4)
 D - a wand of heal wounds (6)
 N - a wand of hasting (7)
 Q - a wand of disintegration (7)
Scrolls
 m - 7 scrolls of remove curse
 r - 6 scrolls of fog
 w - 10 scrolls of fear
 y - 2 scrolls of magic mapping
 z - 13 scrolls of teleportation
 C - 2 scrolls of silence
 J - 3 scrolls of holy word
 K - 21 scrolls of identify
 T - 3 scrolls of blinking
 X - 4 scrolls of recharging
Potions
 i - 4 potions of cancellation
 n - 3 potions of cure mutation
 v - 12 potions of curing
 A - a potion of resistance
 B - 2 potions of haste
 E - 4 potions of brilliance
 M - 4 potions of heal wounds
Comestibles
 c - 4 bread rations
 g - 3 chunks of flesh
 H - 16 meat rations
 O - a fruit
 W - 2 beef jerkies


   Skills:
 - Level 17.6 Fighting
 - Level 11.8(15.8) Long Blades
   Level 3.6(10.0) Maces & Flails
 - Level 14.0(14.1) Staves
 - Level 7.6 Armour
 - Level 15.2 Dodging
 - Level 2.1 Stealth
 - Level 4.1 Shields
 + Level 21.4 Spellcasting
 + Level 19.0 Conjurations
 - Level 8.2 Charms
 - Level 4.4 Translocations
 - Level 2.6 Transmutations
 + Level 20.0 Fire Magic
 - Level 25.6 Earth Magic
 - Level 10.2 Evocations


You had 4 spell levels left.
You knew the following spells:

 Your Spells              Type           Power        Failure   Level  Hunger
a - Stone Arrow           Conj/Erth      ######       0%          3    None
b - Stoneskin             Trmt/Erth      ########     0%          2    None
d - Lee's Rapid Deconstr  Erth           ########..   0%          5    None
e - Passage of Golubria   Tloc           N/A          1%          4    None
f - Fireball              Conj/Fire      ########..   0%          5    None
g - Delayed Fireball      Conj/Fire      N/A          1%          7    None
h - Apportation           Tloc           ######....   1%          1    None
i - Iron Shot             Conj/Erth      ########..   0%          6    None
j - Bolt of Fire          Conj/Fire      ########..   1%          6    None
k - Passwall              Trmt/Erth      ########..   0%          3    None
l - Haste                 Chrm           #######.     2%          6    None
m - Summon Butterflies    Summ           #####...     1%          1    None
o - Orb of Destruction    Conj           ########..   1%          7    None
p - Petrify               Trmt/Erth      ########     0%          4    None
s - Shatter               Erth           ########..   1%          9    ###....


Dungeon Overview and Level Annotations

Branches:
Dungeon (15/15)            Temple (1/1) D:6            Lair (8/8) D:8
  Swamp (4/4) Lair:5        Snake (4/4) Lair:5        Slime (6/6) Lair:6
    Orc (4/4) D:11            Elf (3/3) Orc:3        Vaults (5/5) D:14
  Crypt (3/3) Vaults:3       Tomb (0/3) Crypt:3      Depths (5/5) D:15
    Zot (5/5) Depths:5

Altars:
Ashenzari
Cheibriados
Dithmenos
Elyvilon
Fedhas
Gozag
Kikubaaqudgha
Makhleb
Nemelex Xobeh
Okawaru
Qazlal
Ru
Sif Muna
Trog
Vehumet
Xom
Yredelemnul
Zin
The Shining One
Beogh
Jiyva

Shops:
D:4 *}   D:7 ?   D:9 *   D:15 ?   Orc:1 ([*[=   Orc:4 ??[(   Snake:2 *
Vaults:1 !   Vaults:2 (

Portals:
Hell: Lair:8 Depths:1 Depths:2 Depths:3 Depths:4 Depths:5
Abyss: Depths:4 Depths:5
Pandemonium: Depths:3 Depths:4
Ziggurat: Depths:3

Annotations:
D:2 !ogre
D:5 exclusions: downstairs and 1 more exclusion
Lair:2 exclusion: downstairs
Lair:3 exclusion: 2 downstairs
Lair:5 exclusion: 2 downstairs
Lair:8 need to finish the vault
Snake:2 shop with uid ring
Slime:6 Royal Jelly
Orc:1 ring of wizardry, lajatang of order
Crypt:3 !ancient lich


Innate Abilities, Weirdness & Mutations

You are resistant to torment.
Your stone body is resilient (AC +20).
You are immune to poison.
Your large and strong wings let you fly indefinitely.
You resist negative energy.
You are resistant to electric shocks.
You can survive without breathing.
You are immune to petrification.
You are immune to rotting.
You have large cloven feet.
You have a pair of large horns on your head.
You are partially covered in molten scales (AC +1).
Your mind is acute. (Int +2)
Armour fits poorly on your strangely shaped body.
You evolve.


Message History

Casting: Bolt of Fire
Confirm with . or Enter, or press ? or * to list all spells.
Aiming: Iron Shot
Press: ? - help, Shift-Dir - straight line, f/p - ancient lich
Aim: an ancient lich (moderately damaged)
The iron shot hits the ancient lich.
The ancient lich is almost destroyed.
The ancient lich conjures an orb of pure magic.
The ancient lich conjures a glowing orb.
You block the orb of destruction.
The orb of destruction dissipates.
The ancient lich conjures an orb of pure magic.
The orb of destruction hits a rock wall.
The rock wall explodes into countless fragments.
The orb of destruction hits you!
The ancient lich conjures an orb of pure magic.
The orb of destruction hits you!
* * * LOW HITPOINT WARNING * * *
The ancient lich casts a spell at you.
The fireball explodes!
The fireball engulfs you! You resist.
You die...

#...........# *,,,,,,,,,,,,,,,,
#...........## *,,,,,,,,,,,,,,,,
..........$..# **,,,,,,,,,,,,,,,
.............## **,,,,,,,,,,,,,,
..............# **,,,,,,,,,,,,,
######.######## ▓▓#############*
##......§§.### #..#..........#
##..###.##L§§§####..#..######.##
..### ### ###.§§@...#.<# ##.###
### ####.......## #....#
###.....)## #.....
##/.###...###..... # ##..##
##...#...... ## ##..##
##......... .### ###..##
#........# ...#########...##
#......### ##...........###
##...###


You could see an ancient lich.

Vanquished Creatures
  Dissolution (Slime:4)
  2 juggernauts
  An ancient lich (Crypt:3)
  Sojobo (Depths:4)
  Boris (Vaults:2)
  Frederick (Depths:5)
  Margery (Depths:5)
  A Killer Klown (Zot:5)
  A curse toe (Zot:5)
  11 caustic shrikes
  9 golden dragons
  A bone dragon (Crypt:3)
  Xtahua (Depths:5)
  5 liches
  A Hellbinder (WizLab)
  An electric golem (Zot:1)
  Jorgrun (Snake:4)
  A shard shrike zombie (Crypt:2)
  14 tentacled monstrosities
  5 Orb Guardians (Zot:5)
  2 deep elf blademasters (Elf:3)
  Asterion (Snake:1)
  A quicksilver dragon (Depths:4)
  11 titans
  2 deep elf master archers (Elf:3)
  33 acid blobs
  2 ancient champions (Crypt:2)
  7 death cobs
  5 sphinxes (Vaults:5)
  2 thorn hunters (Swamp:4)
  12 shadow dragons
  Kirke (Lair:5)
  4 revenants
  17 tengu reavers
  13 storm dragons
  9 greater nagas
  4 draconian monks
  15 azure jellies
  3 draconian knights
  Donald (Swamp:1)
  4 ghost moths
  Maud (Lair:3)
  8 deep elf sorcerers
  16 frost giants
  2 iron dragons
  2 draconian zealots
  A curse skull (Crypt:1)
  3 draconian scorchers
  An orc warlord (Orc:4)
  14 vault wardens
  14 fire giants
  10 ghouls
  2 caustic shrike zombies
  3 draconian shifters
  13 ironheart preservers
  A reaper (Crypt:2)
  A draconian annihilator (Zot:1)
  6 spriggan defenders
  8 war gargoyles
  21 very ugly things
  10 vampire knights
  33 stone giants
  6 draconian callers
  12 deep elf demonologists
  4 red draconians
  9 green draconians
  Azrael (D:14)
  10 purple draconians
  A salamander stormcaller (Vaults:5)
  11 white draconians
  6 black draconians
  9 mottled draconians
  10 deep elf annihilators
  4 eidola
  8 yellow draconians
  19 ettins
  A blizzard demon (WizLab)
  Snorg (D:13)
  12 deep elf death magi
  A merfolk impaler (Depths:2)
  12 death oozes
  4 crystal guardians
  36 vault guards
  24 great orbs of eyes
  3 jiangshi (Crypt:2)
  Josephine (Orc:4)
  A quicksilver dragon zombie (Crypt:3)
  24 fire dragons
  3 deep elf high priests
  24 ice dragons
  10 rakshasas
  28 yaktaur captains
  13 entropy weavers
  23 ogre magi
  Fannar (D:10)
  5 spriggan air magi
  2 great orbs of eyes (shapeshifter)
  19 naga warriors
  A hell beast (WizLab)
  37 hydras
  3 ghost crabs
  Erica (D:10)
  A death knight (Crypt:1)
  11 centaur warriors
  14 anacondas
  15 death yaks
  8 deep troll shamans
  21 dancing weapons
  9 tengu warriors
  9 alligators
  5 spriggan berserkers
  14 shock serpents
  5 vampire magi
  2 titan zombies (Crypt:3)
  An orc high priest (Vaults:4)
  12 deep elf knights
  8 deep troll earth magi
  15 naga sharpshooters
  A storm dragon zombie (Crypt:3)
  Sonja (Lair:3)
  A titan skeleton (Vaults:5)
  Nergalle (D:12)
  3 sun demons
  4 ice devils
  3 fire crabs (shapeshifter)
  43 skeletal warriors
  5 salamander mystics
  7 sea snakes (Snake:4)
  2 fire crabs
  30 hell knights
  7 soul eaters
  A golden dragon zombie (Crypt:3)
  3 shadow wraiths
  An anaconda zombie (Crypt:3)
  18 deep trolls
  A swamp dragon (shapeshifter) (Depths:4)
  A ghost moth zombie (Crypt:1)
  4 iron trolls
  A spriggan druid (Swamp:3)
  15 deep elf summoners
  A deep troll (shapeshifter) (Elf:1)
  7 flayed ghosts
  5 giant orange brains
  11 swamp dragons
  2 unseen horrors
  An anaconda skeleton (Crypt:2)
  12 ironbrand convokers
  13 orc knights
  4 wizards
  An obsidian statue (Depths:1)
  5 orc sorcerers
  6 naga ritualists
  2 shambling mangroves
  A harpy (Vaults:4)
  15 deep elf conjurers
  4 wolf spider zombies
  18 hill giants
  4 hornets
  14 mana vipers
  An anubis guard (shapeshifter) (Depths:5)
  11 griffons
  11 phantasmal warriors
  3 wolf spiders
  17 necromancers
  A human zombie (Vaults:5)
  A mana viper (shapeshifter) (Vaults:3)
  A griffon (shapeshifter) (Depths:1)
  3 stone giant zombies
  6 manticores
  A moth of wrath (shapeshifter) (Vaults:5)
  8 cyclopes
  A shadow dragon skeleton (Crypt:3)
  2 shining eyes
  64 ugly things
  A frost giant zombie (Crypt:1)
  18 salamanders
  An iron dragon skeleton (Crypt:1)
  10 guardian serpents
  24 elephants
  A tengu skeleton (Depths:2)
  2 elephants (shapeshifter) (Vaults:4)
  40 black mambas
  19 naga magi
  28 moths of wrath
  A stone giant skeleton (Crypt:3)
  A hornet (shapeshifter) (Vaults:2)
  Maurice (D:8)
  2 guardian serpents (shapeshifter)
  A rust devil (WizLab)
  A spiny frog (shapeshifter) (Depths:2)
  11 vault sentinels
  7 orange demons
  2 frost giant skeletons (Depths:2)
  4 gargoyles
  2 torpor snails (Lair:8)
  2 smoke demons
  A dire elephant skeleton (Crypt:1)
  2 elf skeletons
  5 eyes of devastation
  An eye of devastation (shapeshifter) (Depths:4)
  20 spiny frogs
  2 kobold demonologists
  A yellow draconian zombie (Crypt:1)
  A storm dragon simulacrum (Vaults:1)
  2 hellions (WizLab)
  A yaktaur (shapeshifter) (Vaults:5)
  A sea snake skeleton (Crypt:2)
  89 yaktaurs
  10 freezing wraiths
  A harpy zombie (D:15)
  11 deep elf priests
  A yaktaur skeleton (Vaults:5)
  7 komodo dragons
  14 trolls
  6 tengu conjurers
  20 blink frogs
  3 hellwings
  A troll (shapeshifter) (Depths:1)
  2 jumping spiders
  An iron troll skeleton (Crypt:1)
  7 blue devils
  4 fire drakes
  6 red devils
  8 giant leeches
  A polar bear (Lair:2)
  31 two-headed ogres
  A giant leech (shapeshifter) (Vaults:3)
  A raiju (shapeshifter) (Vaults:1)
  A hydra skeleton (Crypt:1)
  8 bog bodies
  An alligator zombie (Crypt:3)
  An ettin zombie (Crypt:3)
  176 slime creatures
  6 boulder beetles
  A guardian serpent skeleton (Crypt:2)
  3 air elementals (Depths:4)
  35 flying skulls
  23 redbacks
  13 spriggans
  A stone giant simulacrum (Vaults:5)
  A water elemental (Depths:2)
  13 wraiths
  A tarantella (shapeshifter) (Vaults:1)
  4 tarantellas
  69 yaks
  A trapdoor spider (shapeshifter) (Vaults:4)
  34 deep elf magi
  4 wyverns
  7 golden eyes
  3 fire elementals (D:14)
  12 hippogriffs
  2 ynoxinuls (WizLab)
  34 deep elf fighters
  6 basilisks
  8 shadows
  Grum (D:9)
  4 vampires
  7 hogs
  7 hungry ghosts
  A golden eye (shapeshifter) (Vaults:1)
  A yaktaur simulacrum (Vaults:3)
  22 wolves
  3 insubstantial wisps (Swamp:2)
  A soldier ant (shapeshifter) (D:13)
  31 swamp worms
  4 hell hounds
  A spiny frog zombie (Crypt:2)
  3 wargs
  A monstrous demonspawn skeleton (Crypt:2)
  An orb spider zombie (Crypt:2)
  18 water moccasins
  34 vampire mosquitoes
  A merfolk skeleton (Crypt:1)
  23 wasps
  A soldier ant (D:13)
  69 nagas
  13 porcupines
  6 phantoms
  A spiny frog skeleton (Crypt:3)
  A spider (shapeshifter) (Elf:3)
  8 ice beasts
  88 ogres
  5 sky beasts
  A black bear (shapeshifter) (Elf:3)
  A swamp dragon zombie (Crypt:1)
  3 black bears
  A boggart (shapeshifter) (D:13)
  15 eyes of draining
  20 crocodiles
  38 orc warriors
  16 swamp drakes
  19 boggarts
  A swamp dragon skeleton (Crypt:3)
  A snapping turtle skeleton (Crypt:2)
  A tengu (shapeshifter) (Depths:3)
  2 big kobolds
  21 centaurs
  7 necrophages
  A yaktaur zombie (Crypt:1)
  2 wyvern skeletons
  A deep troll simulacrum (Vaults:4)
  36 giant frogs
  11 scorpions
  9 killer bees (D:8)
  3 troll zombies
  A scorpion (shapeshifter) (Vaults:2)
  14 wights
  4 human simulacra
  A wolf zombie (Crypt:2)
  A wasp zombie (D:9)
  19 crimson imps
  An electric eel (Lair:3)
  5 giant frog zombies
  7 centaur zombies
  41 jellies
  3 quasits
  A fire crab simulacrum (Vaults:1)
  A hound (shapeshifter) (Depths:3)
  10 iguanas
  3 hounds
  24 orc priests
  39 orc wizards
  9 centaur skeletons
  5 iron imps (Depths:1)
  11 worker ants
  23 sheep
  6 ogre zombies (D:11)
  A hound skeleton (D:6)
  7 gnolls
  17 adders
  A worker ant zombie (D:10)
  85 river rats
  4 shadow imps
  A steam dragon skeleton (Crypt:1)
  2 white imps (Depths:1)
  3 oozes
  An ooze (shapeshifter) (D:15)
  An adder zombie (D:6)
  12 worms
  6 giant geckos
  218 orcs
  5 giant cockroaches
  A gnoll zombie (Crypt:2)
  7 hobgoblins
  14 jackals
  10 quokkas
  4 ball pythons
  11 bats
  A giant gecko skeleton (D:4)
  4 giant newts
  9 goblins
  3 goblin skeletons (D:11)
  3 goblin zombies (D:11)
  4 hobgoblin skeletons (D:11)
  4 hobgoblin zombies (D:11)
  18 kobolds
  11 orc zombies (D:11)
  A quokka skeleton (D:4)
  3 quokka zombies
  11 rats
  A butterfly (Lair:8)
  5 fungi
  2 lost souls (Crypt:1)
  6 plants
3540 creatures vanquished.

Vanquished Creatures (others)
  2 hell beasts
  A skeletal warrior (Crypt:3)
  A blink frog (Swamp:4)
  A boggart (D:14)
  An orc priest (Orc:4)
  A bush (Lair:4)
  63 fungi
  7 lost souls
  30 plants
107 creatures vanquished.

Grand Total: 3647 creatures vanquished

Notes
Turn   | Place    | Note
--------------------------------------------------------------
     0 | D:1      | seren the Gargoyle Earth Elementalist began the quest for the Orb.
     0 | D:1      | Reached XP level 1. HP: 10/10 MP: 3/3
   378 | D:1      | Reached skill level 4 in Earth Magic
   378 | D:1      | Reached XP level 2. HP: 15/15 MP: 5/5
   857 | D:2      | Reached XP level 3. HP: 17/19 MP: 2/7
  1178 | D:2      | Reached XP level 4. HP: 24/24 MP: 0/8
  1305 | D:1      | Learned a level 2 spell: Stoneskin
  1309 | D:1      | Learned a level 3 spell: Stone Arrow
  1406 | D:1      | Reached skill level 1 in Conjurations
  1618 | D:2      | Reached XP level 5. HP: 26/28 MP: 1/10
  1883 | D:2      | Reached skill level 5 in Earth Magic
  1983 | D:2      | Noticed an ogre
  2264 | D:3      | Found an iron altar of Okawaru.
  2610 | D:3      | Found a bloodstained altar of Trog.
  2613 | D:3      | Found a white marble altar of Elyvilon.
  3184 | D:2      | Reached XP level 6. HP: 27/32 MP: 3/12
  3437 | D:3      | Found a blossoming altar of Fedhas.
  3517 | D:4      | Found Ipyjacwa's Gadget Shop.
  4373 | D:5      | Entered Level 5 of the Dungeon
  4612 | D:4      | Reached skill level 5 in Spellcasting
  4672 | D:4      | Reached XP level 7. HP: 33/36 MP: 8/14
  4677 | D:4      | Found a shadowy altar of Dithmenos.
  4772 | D:4      | Found Jeixoec's Assorted Antiques.
  5188 | D:4      | Reached skill level 6 in Earth Magic
  5821 | D:5      | Reached XP level 8. HP: 41/41 MP: 11/17
  6315 | D:5      | Got a jewelled ring mail
  6786 | D:5      | Reached skill level 1 in Fighting
  6786 | D:5      | Reached skill level 1 in Armour
  7134 | D:5      | Found a bloodstained altar of Trog.
  7147 | D:5      | Reached skill level 7 in Earth Magic
  7713 | D:6      | Found a sacrificial altar of Ru.
  7933 | D:6      | Reached skill level 5 in Conjurations
  8068 | D:6      | Reached XP level 9. HP: 49/49 MP: 7/19
  8678 | D:6      | Found a staircase to the Ecumenical Temple.
  8684 | Temple   | Entered the Ecumenical Temple
  8692 | Temple   | Became a worshipper of Vehumet
  9282 | D:7      | Identified the +6 ring mail of the Turtle {*Contam rCorr Dex+4} (You found it on level 5 of the Dungeon)
  9333 | D:7      | Gained mutation: You are frail (-10% HP). [mutagenic glow]
 10133 | D:4      | Bought a scroll of identify for 46 gold pieces
 10134 | D:4      | Lost mutation: You are frail (-10% HP). [potion of cure mutation]
 10175 | D:4      | Learned a level 5 spell: Lee's Rapid Deconstruction
 10509 | D:7      | Reached skill level 8 in Earth Magic
 10645 | D:7      | Found Umownali's Magic Scroll Boutique.
 10656 | D:7      | Bought a scroll of blinking for 90 gold pieces
 10656 | D:7      | Bought a scroll of teleportation for 36 gold pieces
 10656 | D:7      | Bought a scroll of identify for 24 gold pieces
 10870 | D:7      | Reached * piety under Vehumet
 10870 | D:7      | Offered knowledge of Magic Dart by Vehumet.
 11421 | D:7      | Reached XP level 10. HP: 56/56 MP: 3/21
 12020 | D:8      | Noticed Maurice
 12054 | D:8      | Killed Maurice
 12245 | D:8      | Found a staircase to the Lair.
 12255 | Lair:1   | Entered Level 1 of the Lair of Beasts
 12933 | D:8      | Reached skill level 5 in Armour
 13120 | D:8      | Reached skill level 9 in Earth Magic
 13315 | D:9      | Reached ** piety under Vehumet
 13424 | D:9      | Reached skill level 5 in Fighting
 13547 | D:9      | Found Efiddao's General Store.
 13564 | D:9      | Bought a scroll of identify for 24 gold pieces
 13564 | D:9      | Bought a scroll of identify for 24 gold pieces
 13564 | D:9      | Bought a scroll of noise for 12 gold pieces
 13658 | D:9      | Offered knowledge of Throw Frost by Vehumet.
 14222 | D:9      | Noticed Grum
 14313 | D:9      | Killed Grum
 14522 | D:9      | Reached XP level 11. HP: 64/64 MP: 24/24
 14591 | D:9      | Found a glowing golden altar of the Shining One.
 15007 | D:10     | Entered Level 10 of the Dungeon
 15179 | D:10     | Noticed Fannar
 15758 | Lair:1   | Reached skill level 1 in Evocations
 16002 | Lair:1   | Reached skill level 1 in Maces & Flails
 16474 | Lair:1   | Offered knowledge of Searing Ray by Vehumet.
 16930 | Lair:1   | Reached *** piety under Vehumet
 17049 | Lair:1   | Reached skill level 5 in Dodging
 17537 | Lair:1   | Reached skill level 10 in Earth Magic
 17884 | Lair:2   | Reached skill level 10 in Spellcasting
 17982 | Lair:2   | Offered knowledge of Conjure Flame by Vehumet.
 17987 | Lair:2   | Learned a level 3 spell: Conjure Flame
 19404 | Lair:3   | Noticed a five-headed hydra
 19610 | Lair:3   | Reached skill level 1 in Fire Magic
 19615 | Lair:2   | Reached XP level 12. HP: 64/71 MP: 14/26
 19896 | Lair:3   | Noticed Maud
 19949 | Lair:2   | Upgraded the game from 0.17.1-2-g5865329 to 0.17.1-3-g152610e
 20545 | Lair:3   | Got a smoking leather armour
 20546 | Lair:3   | Identified the cursed +0 leather armour of Apathy {Dex+2} (You found it on level 3 of the Lair of Beasts)
 21037 | Lair:4   | Killed a five-headed hydra
 21174 | Lair:4   | Reached skill level 1 in Shields
 21279 | Lair:4   | Reached **** piety under Vehumet
 21353 | Lair:4   | Offered knowledge of Fireball by Vehumet.
 21492 | Lair:4   | Learned a level 5 spell: Fireball
 21965 | Lair:3   | Noticed Sonja
 21988 | Lair:3   | Killed Sonja
 22760 | Lair:3   | Reached skill level 11 in Earth Magic
 23890 | Lair:4   | Reached XP level 13. HP: 78/78 MP: 14/27
 24882 | Lair:5   | Found a staircase to the Snake Pit.
 25035 | Lair:5   | Got a smoking leather armour
 25036 | Lair:5   | Identified the +4 leather armour of Forking Paths {Dex+4} (You found it on level 5 of the Lair of Beasts)
 25429 | Lair:5   | Reached ***** piety under Vehumet
 25429 | Lair:5   | Offered knowledge of Poisonous Cloud by Vehumet.
 25637 | Lair:5   | Found a staircase to the Swamp.
 26693 | Lair:6   | Reached skill level 5 in Fire Magic
 27290 | Lair:6   | You fall through a shaft for 2 floors!
 27290 | Lair:8   | Entered Level 8 of the Lair of Beasts
 28446 | Lair:6   | Noticed Kirke
 28661 | Lair:6   | Reached skill level 10 in Conjurations
 29547 | Lair:7   | Gained mutation: Your large and strong wings let you fly indefinitely. [Gargoyle growth]
 29547 | Lair:7   | Reached XP level 14. HP: 67/86 MP: 21/29
 29686 | Lair:7   | Reached skill level 12 in Spellcasting
 32145 | Lair:8   | Offered knowledge of Venom Bolt by Vehumet.
 32455 | Lair:8   | Identified the Reference Book on Ice and Combat Magic
 32768 | Lair:7   | Reached skill level 10 in Fighting
 34832 | Lair:8   | Found a burning altar of Makhleb.
 34875 | Lair:8   | Reached skill level 13 in Earth Magic
 35444 | D:4      | Bought a steel ring for 115 gold pieces
 35448 | D:4      | Bought a droning book for 345 gold pieces
 35448 | D:4      | Identified the Handbook of Ensnaring Ice (You bought it in a shop on level 4 of the Dungeon)
 35552 | Lair:1   | Gained mutation: You have large cloven feet. [potion of beneficial mutation]
 35714 | D:9      | Found Efiddao's General Store.
 35733 | D:9      | Reached XP level 15. HP: 93/93 MP: 22/31
 36176 | D:9      | Bought a +0 pair of gloves for 54 gold pieces
 36211 | D:10     | Killed Fannar
 36780 | D:10     | Noticed Erica
 36788 | D:10     | Killed Erica
 36892 | D:10     | Got a polished leather armour
 36903 | D:10     | Identified the cursed +0 leather armour "Iqik" {*Corrode +Inv Int+3 Dex+5} (You found it on level 10 of the Dungeon)
 38760 | D:11     | Offered knowledge of Poison Arrow by Vehumet.
 38775 | D:11     | Found a staircase to the Orcish Mines.
 39372 | Orc:1    | Entered Level 1 of the Orcish Mines
 39387 | Orc:1    | Found Gucaruyg's Antique Armour Shop.
 39388 | Orc:1    | Found Iweffabu's Antique Armour Shoppe.
 39436 | Orc:1    | Bought a pair of translucent gloves for 247 gold pieces
 39447 | Orc:1    | Identified the -3 pair of gloves of Elitism {rF++ Int-5} (You bought it in a shop on level 1 of the Orcish Mines)
 39459 | Orc:1    | Bought a pair of runed gloves for 148 gold pieces
 39459 | Orc:1    | Bought an ancient robe for 188 gold pieces
 39479 | Orc:1    | Identified the +0 robe of Jiebus {+Fly rF++ Regen+ Stlth-} (You bought it in a shop on level 1 of the Orcish Mines)
 39485 | Orc:1    | Bought a glowing cloak for 148 gold pieces
 39500 | Orc:1    | Found Etaos's Weapon Emporium.
 39561 | Orc:1    | Found Fomaol's Jewellery Shop.
 40232 | Orc:1    | Found Rayvaosa's General Store.
 41632 | Orc:1    | Found a shimmering altar of Xom.
 42168 | Orc:4    | Entered Level 4 of the Orcish Mines
 42171 | Orc:4    | Noticed Josephine
 42173 | Orc:4    | Killed Josephine
 42671 | Orc:3    | Found a staircase to the Elven Halls.
 43315 | Orc:4    | Found a roughly hewn altar of Beogh.
 43737 | Orc:3    | Learned a level 4 spell: Petrify
 44129 | Orc:4    | Found Rikoteusch's Magic Scroll Shoppe.
 44134 | Orc:4    | Offered knowledge of Delayed Fireball by Vehumet.
 45052 | Orc:4    | Learned a level 7 spell: Delayed Fireball
 45207 | Orc:4    | Found Leoz's Weapon Emporium.
 45207 | Orc:4    | Found Boaclyni's Magic Scroll Emporium.
 45211 | Orc:4    | Found Zutug's Antique Armour Shop.
 45213 | Orc:4    | Bought a scroll of blinking for 75 gold pieces
 45213 | Orc:4    | Bought a scroll of teleportation for 30 gold pieces
 45991 | Orc:4    | Bought a scroll of identify for 20 gold pieces
 45991 | Orc:4    | Bought a scroll of identify for 20 gold pieces
 45991 | Orc:4    | Bought a scroll of identify for 20 gold pieces
 46004 | Orc:4    | Bought a dyed leather armour for 54 gold pieces
 46165 | Orc:1    | Bought a ring of the Octopus King {rN+ AC+1 EV+1 Str+1 Int+1 Dex+1} for 583 gold pieces
 46180 | Orc:1    | Bought a glowing robe for 18 gold pieces
 46212 | Orc:1    | Bought an embroidered robe for 23 gold pieces
 46492 | D:12     | Noticed Nergalle
 46496 | D:12     | Killed Nergalle
 46820 | D:12     | Reached skill level 14 in Earth Magic
 48069 | D:12     | Offered knowledge of Spellforged Servitor by Vehumet.
 49290 | D:13     | Reached XP level 16. HP: 99/99 MP: 22/33
 49373 | D:13     | Noticed Snorg
 50349 | D:13     | Got an iridescent trident
 50384 | D:13     | Identified the +7 trident of Equilibrium {elec, *Drain Str+5 Int+3} (You found it on level 13 of the Dungeon)
 50988 | D:14     | Found a sacrificial altar of Ru.
 50999 | D:14     | Noticed Azrael
 51008 | D:14     | Killed Azrael
 52860 | D:14     | Found a gate to the Vaults.
 53796 | Lair:3   | Killed Maud
 54087 | Swamp:1  | Entered Level 1 of the Swamp
 54192 | Swamp:1  | Noticed Donald
 54211 | Swamp:1  | Killed Donald
 54934 | Orc:1    | Bought the +7 lajatang of Order {silver, rMut} for 939 gold pieces
 55942 | D:15     | Entered Level 15 of the Dungeon
 55942 | D:15     | Found Eguqan's Magic Scroll Shoppe.
 56252 | D:14     | Reached skill level 1 in Staves
 57089 | D:15     | Found a staircase to the Depths.
 58861 | Orc:1    | Bought a meat ration for 75 gold pieces
 58861 | Orc:1    | Bought a bread ration for 75 gold pieces
 59862 | Lair:5   | Reached XP level 17. HP: 90/105 MP: 22/34
 59973 | Lair:5   | Reached skill level 15 in Earth Magic
 60395 | Swamp:1  | Got an ancient hand axe
 60396 | Swamp:1  | Identified the +6 hand axe of Righteous Anger {freeze, rPois SInv} (You found it on level 1 of the Swamp)
 61217 | Swamp:2  | Reached ****** piety under Vehumet
 61259 | Swamp:2  | Offered knowledge of Conjure Ball Lightning by Vehumet.
 62774 | Swamp:4  | Entered Level 4 of the Swamp
 65943 | Swamp:4  | Offered knowledge of Bolt of Fire by Vehumet.
 65957 | Swamp:4  | Learned a level 6 spell: Bolt of Fire
 66492 | Swamp:4  | Reached skill level 10 in Fire Magic
 66736 | Swamp:4  | Reached skill level 5 in Staves
 67582 | Swamp:4  | Got a decaying rune of Zot
 67629 | Swamp:4  | Reached XP level 18. HP: 109/112 MP: 14/36
 68992 | Lair:5   | Killed Kirke
 69248 | Lair:6   | Found a staircase to the Slime Pits.
 70408 | Lair:8   | Found a gateway to Hell.
 70803 | Snake:1  | Entered Level 1 of the Snake Pit
 71273 | Snake:1  | Noticed Asterion
 71539 | Snake:1  | Killed Asterion
 71541 | Snake:1  | Got a brightly glowing shield
 71562 | Lair:5   | Identified the +5 shield of Beyond {+Inv} (You took it off Asterion on level 1 of the Snake Pit)
 71981 | Snake:1  | Reached skill level 10 in Dodging
 74647 | Snake:1  | Offered knowledge of Glaciate by Vehumet.
 74647 | Snake:1  | Offered knowledge of Shatter by Vehumet.
 74647 | Snake:1  | Offered knowledge of Tornado by Vehumet.
 75233 | Snake:2  | Found Bymi's Assorted Antiques.
 76326 | Snake:2  | Identified a scroll of acquirement
 76444 | Snake:2  | You are sucked into a shaft!
 76582 | Snake:3  | Found a flickering gateway to a bazaar.
 76590 | Bazaar   | Entered a bazaar
 76590 | Bazaar   | Found Bihikk's Weapon Boutique.
 76590 | Bazaar   | Found Pafuu's Weapon Boutique.
 76593 | Bazaar   | Found Oweholoj's General Store.
 76600 | Bazaar   | Found Egrun's Magic Scroll Boutique.
 76601 | Bazaar   | Found Icamuun's Gadget Boutique.
 76618 | Bazaar   | Found Meoll's Gadget Shoppe.
 76715 | Bazaar   | Bought the +5 falchion of the Establishment {speed, Int+6 Dex+7} for 683 gold pieces
 76720 | Bazaar   | Bought a scroll of recharging for 95 gold pieces
 76720 | Bazaar   | Bought a scroll of identify for 20 gold pieces
 76720 | Bazaar   | Bought a scroll of enchant armour for 75 gold pieces
 76720 | Bazaar   | Bought a scroll of identify for 20 gold pieces
 76720 | Bazaar   | Bought a scroll of identify for 20 gold pieces
 76720 | Bazaar   | Bought a scroll of blinking for 75 gold pieces
 76965 | Snake:2  | Reached skill level 1 in Long Blades
 77649 | Snake:2  | You are sucked into a shaft!
 77718 | Snake:3  | Reached XP level 19. HP: 119/119 MP: 18/37
 79282 | Snake:3  | Reached skill level 15 in Spellcasting
 79973 | Snake:4  | Entered Level 4 of the Snake Pit
 79987 | Snake:4  | Reached skill level 5 in Long Blades
 80335 | Snake:4  | Noticed Jorgrun
 80347 | Snake:4  | Killed Jorgrun
 80440 | Snake:3  | Reached skill level 16 in Earth Magic
 81325 | Snake:4  | Found an opulent altar of Gozag.
 83417 | Snake:4  | Reached XP level 20. HP: 126/126 MP: 25/39
 83937 | Snake:4  | Got a serpentine rune of Zot
 83950 | Snake:4  | Gained mutation: You evolve. [potion of beneficial mutation]
 84380 | D:11     | Gained mutation: Your spells are a little harder to cast, but a little more powerful. [evolution]
 84677 | Elf:1    | Entered Level 1 of the Elven Halls
 86893 | Elf:2    | Found a huge runed gate.
 86893 | Elf:2    | Found a huge runed gate.
 86893 | Elf:2    | Found a huge runed gate.
 87789 | D:13     | Killed Snorg
 88751 | Vaults:1 | Entered Level 1 of the Vaults
 88875 | Vaults:1 | Found Wangun's Distillery.
 88933 | Vaults:1 | Found a magical portal.
 88947 | WizLab   | Entered The Hall of Akhedad the Hellbinder
 90249 | WizLab   | Found a burning altar of Makhleb.
 90284 | WizLab   | Identified the Catalogue of Displaced Calling
 90286 | WizLab   | Identified the Reference Book on Companions
 90330 | WizLab   | Identified a +2 rod of shadows (9/9) (You found it in a wizard's laboratory)
 92091 | Vaults:2 | Gained mutation: You are partially covered in molten scales (AC +1). [evolution]
 92472 | Vaults:1 | Reached skill level 17 in Earth Magic
 92678 | Vaults:2 | Reached XP level 21. HP: 132/132 MP: 19/40
 93731 | Vaults:2 | Reached skill level 5 in Evocations
 93849 | Vaults:2 | Noticed Boris
 94244 | Vaults:2 | Killed Boris
 94470 | Vaults:2 | Reached skill level 15 in Fighting
 95188 | Vaults:2 | Found Jeyqyo's Weapon Shoppe.
 96559 | Vaults:3 | Found a staircase to the Crypt.
 96630 | Vaults:3 | Reached skill level 15 in Conjurations
 97475 | Vaults:3 | Reached XP level 22. HP: 140/140 MP: 25/42
 99480 | Vaults:1 | Identified a +5 rod of destruction (14/14) (You found it on level 4 of the Vaults)
 99625 | Vaults:4 | Identified Empuukom's Reference Book on Confrontation and the Arsonist
 99632 | Vaults:4 | Got a heavily runed helmet
 99651 | Vaults:4 | Identified the cursed -4 helmet of Resilience {+Fly} (You found it on level 4 of the Vaults)
101126 | Vaults:4 | Gained mutation: You have a pair of small horns on your head. [evolution]
102221 | Depths:1 | Entered Level 1 of the Depths
103004 | Depths:1 | You are sucked into a shaft!
103581 | Depths:1 | Reached skill level 18 in Earth Magic
104539 | D:15     | Reached XP level 23. HP: 147/147 MP: 40/43
105548 | Depths:2 | Paralysed by a great orb of eyes for 3 turns
105907 | Depths:1 | Learned a level 7 spell: Ring of Flames
106253 | Depths:2 | Identified the Reference Book on Attacks and the Blaze (You acquired it on level 2 of the Depths)
106262 | Depths:2 | Learned a level 7 spell: Orb of Destruction
107600 | Depths:2 | Gained mutation: You have a pair of horns on your head. [evolution]
108717 | Depths:2 | Got an ancient scale mail
108739 | Depths:2 | Identified the +1 scale mail of the Tundras {Slay+2} (You found it on level 2 of the Depths)
108957 | Depths:2 | Learned a level 1 spell: Apportation
108962 | Depths:2 | Learned a level 4 spell: Alistair's Intoxication
109237 | Lair:1   | Learned a level 3 spell: Passwall
109512 | D:15     | Bought a scroll of enchant armour for 135 gold pieces
109928 | Depths:3 | Reached skill level 15 in Fire Magic
110035 | Depths:3 | Reached skill level 10 in Long Blades
110217 | Depths:3 | HP: 3/147 [acid (8)]
110428 | Depths:2 | Noticed a juggernaut
111266 | Depths:2 | Reached skill level 19 in Earth Magic
112511 | Depths:3 | Reached XP level 24. HP: 152/152 MP: 29/44
113067 | Depths:3 | Found a gateway to a ziggurat.
113070 | Depths:3 | Found a one-way gate leading to the halls of Pandemonium.
113280 | Depths:3 | Found a blossoming altar of Fedhas.
113280 | Depths:3 | Found a shattered altar of Ashenzari.
113282 | Depths:3 | Found an opulent altar of Gozag.
114977 | Depths:3 | Gained mutation: You have a pair of large horns on your head. [evolution]
117200 | Depths:5 | Entered Level 5 of the Depths
117333 | Depths:4 | Reached XP level 25. HP: 129/160 MP: 14/44
118071 | Depths:4 | Noticed Sojobo
118206 | Depths:4 | Found a one-way gate to the infinite horrors of the Abyss.
118376 | Depths:5 | Noticed Margery
118395 | Depths:5 | Noticed Xtahua
118402 | Depths:5 | Killed Xtahua
118688 | Depths:5 | Noticed Frederick
118750 | Depths:4 | Reached skill level 20 in Earth Magic
119166 | Orc:1    | Bought an uncursed ring of wizardry for 420 gold pieces
119178 | Orc:1    | Learned a level 9 spell: Shatter
120865 | Elf:3    | Entered Level 3 of the Elven Halls
123572 | Elf:3    | Identified the Papyrus of the Voyage (You found it on level 3 of the Elven Halls)
123611 | Elf:3    | Got an encrusted fire dragon armour
123622 | Elf:3    | Identified the +4 fire dragon armour of the Turtle {rPois rF++ rC- Dex+4 Stlth+} (You found it on level 3 of the Elven Halls)
123711 | Elf:3    | Got a warped war axe {venom}
123712 | Elf:3    | Identified the cursed +1 war axe of Bodily Harmony {venom, rPois} (You took it off a deep elf conjurer on level 3 of the Elven Halls)
124442 | Crypt:1  | Entered Level 1 of the Crypt
125503 | Crypt:1  | Reached skill level 1 in Transmutations
125666 | Crypt:1  | Reached skill level 1 in Translocations
125842 | Crypt:1  | Reached XP level 26. HP: 164/167 MP: 9/45
126452 | Crypt:1  | Gained mutation: Your mind is acute. (Int +2) [evolution]
127756 | Crypt:3  | Entered Level 3 of the Crypt
127925 | Crypt:3  | Reached skill level 21 in Earth Magic
129153 | Crypt:3  | Found a staircase to the Tomb.
129239 | Crypt:3  | Noticed an ancient lich
129689 | D:15     | Bought a scroll of identify for 36 gold pieces
129689 | D:15     | Bought a scroll of fog for 36 gold pieces
129689 | D:15     | Bought a scroll of teleportation for 54 gold pieces
129689 | D:15     | Bought a scroll of blinking for 135 gold pieces
129900 | Vaults:5 | Entered Level 5 of the Vaults
130138 | Vaults:5 | Reached XP level 27. HP: 169/172 MP: 40/46
130147 | Vaults:5 | Reached skill level 22 in Earth Magic
130375 | Vaults:5 | Reached skill level 15 in Dodging
130780 | Vaults:5 | Got a crude granite ring
130826 | Vaults:5 | Got a silver rune of Zot
130958 | Vaults:5 | Gained mutation: Armour fits poorly on your strangely shaped body. [evolution]
131301 | Vaults:5 | Identified the cursed ring "Alususme" {*Confuse MR++ MP+9 Dex-2} (You took it off a deep elf annihilator on level 5 of the Vaults)
131382 | Vaults:5 | Got a crude robe
131393 | Vaults:5 | Identified the cursed +0 robe of Juituo {rElec rC++ Str-4} (You found it on level 5 of the Vaults)
131965 | Vaults:5 | Identified Jyidorek's Disquisition on Dislocation
131971 | Vaults:5 | Learned a level 4 spell: Passage of Golubria
132038 | Vaults:5 | Got a sparkling platinum ring
132040 | Vaults:5 | Identified the ring of the Madman {*Confuse +Fly rC+++ MR+ Int-2} (You found it on level 5 of the Vaults)
132360 | Vaults:5 | Got a wavering pewter ring
132369 | Vaults:5 | Identified the ring of Asoad {MP+9 Int-5 SInv Stlth-} (You took it off a vault warden on level 5 of the Vaults)
133028 | Crypt:3  | Killed an ancient lich
133379 | Crypt:3  | Found a shimmering altar of Xom.
133411 | Crypt:3  | Learned a level 6 spell: Iron Shot
133415 | Crypt:3  | Identified the Tome of Unholy Secrets (You found it on level 3 of the Crypt)
134413 | Lair:1   | Learned a level 6 spell: Haste
134635 | Depths:2 | Killed a juggernaut
134635 | Depths:2 | Reached skill level 1 in Charms
135627 | Depths:3 | Got a pair of slimy boots
135638 | Depths:3 | Identified the -4 pair of boots of Divine Compulsion {rC+} (You acquired it on level 3 of the Depths)
135652 | Depths:3 | Got a transparent cloak
135663 | Depths:3 | Identified the +2 cloak of Gluttony {rElec Int+3} (You acquired it on level 3 of the Depths)
135851 | Depths:4 | Reached skill level 10 in Evocations
135855 | Depths:4 | Killed Sojobo
136333 | Depths:4 | Identified the Reference Book on the Birds
137341 | Depths:5 | Reached skill level 23 in Earth Magic
137356 | Depths:5 | Noticed a juggernaut
137358 | Depths:5 | Killed a juggernaut
137358 | Depths:5 | Reached skill level 5 in Charms
137832 | Depths:5 | Killed Margery
138185 | Depths:5 | Found a gate to the Realm of Zot.
138554 | Depths:5 | Killed Frederick
139852 | Zot:1    | Entered Level 1 of the Realm of Zot
141037 | Zot:1    | Lost mutation: Your spells are a little harder to cast, but a little more powerful. [evolution]
141170 | Zot:1    | Reached skill level 24 in Earth Magic
145161 | Zot:3    | Reached skill level 25 in Earth Magic
145593 | Zot:3    | Got a pair of scorched gloves
145604 | Zot:3    | Identified the +0 pair of gloves "Zaligar" {rN+} (You acquired it on level 3 of the Realm of Zot)
147098 | Zot:5    | Entered Level 5 of the Realm of Zot
148646 | Lair:1   | Learned a level 1 spell: Summon Butterflies
148905 | Slime:1  | Entered Level 1 of the Pits of Slime
149713 | Slime:1  | Reached skill level 10 in Staves
150944 | Slime:3  | Found a viscous altar of Jiyva.
152052 | Slime:4  | Noticed Dissolution
152084 | Slime:4  | Killed Dissolution
153174 | Slime:6  | Entered Level 6 of the Pits of Slime
153546 | Slime:6  | Noticed the royal jelly
155024 | Lair:1   | Got a faintly glowing amethyst amulet
155028 | Lair:1   | Identified the amulet "Qelidgh" {+Rage rF+ Dex+3} (You acquired it on level 1 of the Lair of Beasts)
156691 | Zot:5    | Noticed an ancient lich
156702 | Zot:5    | HP: 1/172 [disintegration (80)]
156702 | Zot:5    | Killed from afar by an ancient lich

Action                   |  1- 3 |  4- 6 |  7- 9 | 10-12 | 13-15 | 16-18 | 19-21 | 22-24 | 25-27 || total
-------------------------+-------+-------+-------+-------+-------+-------+-------+-------+-------++-------
Melee: Dagger            |    67 |   115 |       |       |       |       |       |       |       ||   182
       Mace              |       |    42 |    94 |    67 |   245 |       |       |       |       ||   448
       Flail             |       |       |    17 |       |   366 |   360 |       |       |       ||   743
       Lajatang          |       |       |       |       |       |   192 |       |       |   259 ||   451
       Trident           |       |       |       |       |       |   144 |       |       |       ||   144
       Hand axe          |       |       |       |       |       |     6 |    11 |     7 |    67 ||    91
       Unarmed           |       |       |       |       |       |     3 |       |       |       ||     3
       Falchion          |       |       |       |       |       |     2 |   267 |   630 |   826 ||  1725
       Staff             |       |       |       |       |       |       |       |       |    14 ||    14
Throw: Stone             |       |       |     2 |     2 |     3 |     4 |       |     3 |       ||    14
       Throwing net      |       |       |       |       |     1 |       |       |       |     2 ||     3
 Cast: Sandblast         |    34 |   118 |    45 |    10 |     1 |       |       |       |       ||   208
       Stoneskin         |       |    12 |    24 |    50 |    87 |   130 |    44 |    62 |    67 ||   476
       Stone Arrow       |       |     1 |   107 |   446 |   834 |  1172 |   249 |   104 |    88 ||  3001
       Lee's Rapid Decon |       |       |       |    26 |   108 |    78 |    54 |    99 |   153 ||   518
       Conjure Flame     |       |       |       |     8 |    16 |    16 |     7 |     2 |     5 ||    54
       Fireball          |       |       |       |       |    91 |    80 |   155 |    60 |   138 ||   524
       Petrify           |       |       |       |       |    15 |    45 |     1 |    29 |    14 ||   104
       Bolt of Fire      |       |       |       |       |       |    16 |   363 |   550 |   717 ||  1646
       Apportation       |       |       |       |       |       |       |       |     2 |     3 ||     5
       Orb of Destructio |       |       |       |       |       |       |       |       |     4 ||     4
       Passwall          |       |       |       |       |       |       |       |       |     2 ||     2
       Shatter           |       |       |       |       |       |       |       |       |   118 ||   118
       Iron Shot         |       |       |       |       |       |       |       |       |   293 ||   293
       Haste             |       |       |       |       |       |       |       |       |     5 ||     5
       Passage of Golubr |       |       |       |       |       |       |       |       |     2 ||     2
       Summon Butterflie |       |       |       |       |       |       |       |       |     1 ||     1
       Delayed Fireball  |       |       |       |       |       |       |       |       |     1 ||     1
 Abil: Fly               |       |       |       |       |     1 |     2 |       |     2 |     3 ||     8
       Stop Flying       |       |       |       |       |       |       |       |     3 |     3 ||     6
Evoke: Wand              |       |       |     3 |     3 |     4 |    15 |     1 |     9 |     3 ||    38
       Sack of spiders   |       |       |       |       |     1 |       |       |       |       ||     1
  Use: Scroll            |     2 |     2 |    15 |    13 |    17 |    14 |    15 |    17 |    30 ||   125
       Potion            |       |     1 |     1 |     1 |     6 |     5 |     4 |     2 |     5 ||    25
 Stab: Sleeping          |       |     4 |     1 |       |       |     1 |     1 |       |       ||     7
       Distracted        |       |       |       |     1 |       |       |       |       |     1 ||     2
       Petrified         |       |       |       |       |       |     4 |       |       |       ||     4
       Petrifying        |       |       |       |       |       |     2 |       |       |       ||     2
       Held in net/web   |       |       |       |       |       |       |       |       |     1 ||     1
  Eat: Chunk             |     1 |    11 |    18 |    29 |    60 |    29 |    39 |    37 |   134 ||   358
       Pizza             |       |       |     1 |     2 |     2 |       |     1 |       |       ||     6
       Beef jerky        |       |       |     1 |     3 |     6 |     1 |       |     1 |     2 ||    14
       Royal jelly       |       |       |     1 |       |       |     1 |     4 |       |       ||     6
       Fruit             |       |       |       |     7 |     5 |     7 |     2 |       |     6 ||    27
       Bread ration      |       |       |       |       |     6 |     6 |     4 |     3 |     1 ||    20
       Meat ration       |       |       |       |       |       |     7 |     1 |     2 |     8 ||    18
